 Dungeon Crawl Stone Soup version 0.20-a0-270-g8e735b6 (webtiles) character file.

19438 Herrn the Severer (level 12, -27/108 HPs)
             Began as a Minotaur Monk on Dec 10, 2016.
             Was a High Priest of Okawaru.
             Annihilated by an orc warlord
             ... wielding a +0 long sword
              (30 damage)
             ... on level 1 of the Orcish Mines.
             The game lasted 00:32:07 (17329 turns).

Herrn the Severer (Minotaur Monk)                  Turns: 17329, Time: 00:32:08

Health: -27/108    AC: 19    Str: 17    XL:     12   Next: 36%
Magic:  8/12       EV: 12    Int: 10    God:    Okawaru [*****.]
Gold:   1063       SH:  0    Dex: 18    Spells: 11/11 levels left

rFire  . . .     SeeInvis .     G - +0 war axe (chop)
rCold  + . .     Gourm    .     S - +0 plate armour {rC+}
rNeg   . . .     Faith    .     (no shield)
rPois  .         Spirit   .     (helmet restricted)
rElec  .         Reflect  .     (no cloak)
rCorr  .         Harm     .     a - +0 pair of gloves
MR     .....                    (no boots)
Stlth  ..........               A - amulet of magic regeneration
                                T - +4 ring of dexterity
                                m - +1 ring of slaying

@: heroism, finesse, very slightly contaminated, hasted, very quick
A: retaliatory headbutt, horns 2
a: Heroism, Finesse, Renounce Religion


You were on level 1 of the Orcish Mines.
You worshipped Okawaru.
Okawaru was extremely pleased with you.
You were not hungry.

You visited 3 branches of the dungeon, and saw 15 of its levels.

You collected 1063 gold pieces.

Inventory:

Hand Weapons
 k - a +0 morningstar
 r - a +1 war axe
 x - a cursed +1 war axe
 G - a +0 war axe of chopping (weapon)
Armour
 a - a +0 pair of gloves (worn)
 P - a +1 troll leather armour
 S - a +0 plate armour of cold resistance (worn)
 U - a +1 chain mail of fire resistance
Jewellery
 b - an uncursed ring of wizardry
 e - an uncursed ring of fire
 m - a +1 ring of slaying (left hand)
 z - an uncursed ring of protection from magic
 A - an amulet of magic regeneration (around neck)
 H - an uncursed ring of magical power
 N - an uncursed ring of protection from fire
 T - a +4 ring of dexterity (right hand)
Wands
 y - a wand of lightning (7/15)
 E - a wand of enslavement (8/24)
 M - a wand of lightning (7/15)
 Q - a wand of flame (24/48)
Scrolls
 d - 3 scrolls of amnesia
 f - 4 scrolls of recharging
 h - a scroll of blinking {unknown}
 l - 3 scrolls of enchant armour {unknown}
 u - a scroll of immolation
 w - a scroll of summoning {unknown}
 C - a scroll of fog {unknown}
 K - a scroll of fear {unknown}
 R - a scroll of remove curse
Potions
 g - a potion of lignification {unknown}
 i - a potion of mutation
 n - 2 potions of magic
 o - a potion of haste
 D - a potion of resistance
 I - 4 potions of flight
 L - a potion of brilliance
Books
 B - a book of Frost

   Spells                             Type                      Level
   a - Freeze                         Ice                          1
   b - Throw Frost                    Conjuration/Ice              2
   c - Ozocubu's Armour               Charms/Ice                   3
   d - Throw Icicle                   Conjuration/Ice              4
   e - Summon Ice Beast               Ice/Summoning                4
 J - a book of Misfortune

   Spells                             Type                      Level
   a - Confusing Touch                Hexes                        1
   b - Confuse                        Hexes                        3
   c - Gell's Gravitas                Hexes/Translocation          3
   d - Petrify                        Transmutation/Earth          4
   e - Metabolic Englaciation         Hexes/Ice                    5
   f - Yara's Violent Unravelling     Hexes/Transmutation          5
 O - a book of Air

   Spells                             Type                      Level
   a - Shock                          Conjuration/Air              1
   b - Swiftness                      Charms/Air                   2
   c - Repel Missiles                 Charms/Air                   2
   d - Static Discharge               Conjuration/Air              3
   e - Lightning Bolt                 Conjuration/Air              5
Comestibles
 c - 9 bread rations
 j - 7 meat rations
 s - 8 beef jerkies
 v - 2 slices of pizza


   Skills:
 + Level 10.7(15.7) Fighting
 + Level 17.3(22.3) Axes
 + Level 11.5(16.5) Armour
 * Level 5.8(10.8) Dodging
 - Level 1.5(6.5) Stealth
 - Level 2.0 Invocations


You had 11 spell levels left.
You didn't know any spells.

Dungeon Overview and Level Annotations

Branches:
Dungeon (12/15)            Temple (1/1) D:5            Lair (0/6) D:9
    Orc (2/2) D:11
    Elf: Orc:2

Altars:
Ashenzari
Cheibriados
Dithmenos
Elyvilon
Fedhas
Gozag
Hepliaklqana
Kikubaaqudgha
Makhleb
Nemelex Xobeh
Okawaru
Qazlal
Ru
Sif Muna
Trog
Uskayaw
Vehumet
Xom
Yredelemnul
Zin
The Shining One

Shops:
D:7 [   D:9 [

Annotations:
D:11 exclusion: orange crystal statue


Innate Abilities, Weirdness & Mutations

You reflexively headbutt those who attack you in melee.
You have a pair of horns on your head.


Message History

You hit the orc warlord but do no damage.
The orc warlord is severely wounded.
You hit the orc.
You kill the orc!
Okawaru accepts your kill. The orc warlord blocks your attack.
The orc warlord is severely wounded.
You hit the orc warlord but do no damage.
The orc warlord is severely wounded.
The orc warlord hits you but does no damage.
You slash the orc warlord! The orc warlord blocks your attack.
The orc warlord is severely wounded.
The orc warlord blocks your attack. x2
The orc warlord is severely wounded.
Unknown command.
Your plate armour prevents you from hitting the orc warlord.
You headbutt the orc warlord, but do no damage.
The orc warlord is severely wounded.
The orc warlord hits you with a long sword!!
You die...

### #.## ##..##
#.o..# ####.)@.##
#.#...[).#
##....[.[#####
#.........#..#
####...........##
##.......##.....##
#........###.....##
##.......# #......#
#......### ##....##


You could see an orc warlord.

Vanquished Creatures
  An orc high priest (Orc:2)
  2 unseen horrors
  3 hill giants
  An orc knight (Orc:1)
  A manticore (D:12)
  The ghost of tstststs the Unseen, a novice SpAs (D:6)
  3 cyclopes
  4 slime creatures (D:12)
  A gargoyle (D:10)
  Prince Ribbit (D:9)
  3 trolls
  A hippogriff (D:10)
  2 two-headed ogres
  A shadow (D:7)
  5 yaks (D:10)
  A vampire (D:10)
  5 wargs
  A hungry ghost (D:10)
  2 soldier ants
  A water moccasin (D:6)
  19 orc warriors
  5 sky beasts
  2 eyes of draining (D:11)
  A hornet zombie (D:9)
  4 ice beasts
  A necrophage (D:10)
  2 black bears
  7 phantoms
  4 wolves (D:9)
  12 ogres
  7 centaurs
  2 crocodiles (D:11)
  5 bullfrogs
  A wyvern skeleton (D:8)
  3 scorpions
  The ghost of Squibie the Slasher, a weakling DgGl (D:3)
  5 wights (D:10)
  4 electric eels (D:9)
  3 centaur zombies
  8 crimson imps
  A quasit (D:9)
  9 hounds
  5 jellies
  18 orc wizards
  6 orc priests
  2 centaur skeletons
  5 iguanas
  14 worker ants
  2 hound skeletons
  A worker ant zombie (D:5)
  13 adders
  6 shadow imps
  An adder skeleton (D:7)
  An adder zombie (D:6)
  3 worms
  3 dart slugs
  8 leopard geckos
  79 orcs
  10 bats
  4 giant cockroaches
  7 goblins
  7 hobgoblins
  11 jackals
  2 quokkas
  A ball python (D:2)
  5 frilled lizards
  11 kobolds
  A leopard gecko skeleton (D:5)
  A leopard gecko zombie (D:5)
  2 quokka skeletons
  7 rats
382 creatures vanquished.

Vanquished Creatures (others)
  An orc wizard (D:9)
1 creature vanquished.

Grand Total: 383 creatures vanquished

Notes
Turn   | Place    | Note
-------+----------+-------------------------------------------
     0 | D:1      | Herrn the Minotaur Monk began the quest for the Orb.
     0 | D:1      | Reached XP level 1. HP: 19/19 MP: 0/0
    90 | D:1      | Reached XP level 2. HP: 27/27 MP: 1/1
   105 | D:1      | Reached skill level 4 in Axes
   455 | D:2      | Found an opulent altar of Gozag.
   483 | D:2      | Reached XP level 3. HP: 33/33 MP: 2/2
  1284 | D:3      | Reached skill level 5 in Axes
  1339 | D:3      | Reached skill level 1 in Armour
  1339 | D:3      | Reached XP level 4. HP: 25/40 MP: 3/3
  1954 | D:3      | Noticed Squibie's ghost (weakling DgGl)
  2181 | D:4      | Found a hazy altar of Hepliaklqana.
  2424 | D:4      | Reached XP level 5. HP: 34/46 MP: 4/4
  2591 | D:4      | Reached skill level 6 in Axes
  2811 | D:4      | Noticed a phantom
  2827 | D:4      | Killed a phantom
  2827 | D:4      | Reached skill level 7 in Axes
  2827 | D:4      | Reached XP level 6. HP: 47/53 MP: 5/5
  3854 | D:5      | Entered Level 5 of the Dungeon
  3937 | D:5      | Reached XP level 7. HP: 57/60 MP: 6/6
  4006 | D:5      | Reached skill level 5 in Fighting
  4142 | D:5      | Reached skill level 8 in Axes
  4464 | D:5      | Found a staircase to the Ecumenical Temple.
  4470 | Temple   | Entered the Ecumenical Temple
  4892 | D:6      | Reached skill level 9 in Axes
  4935 | D:6      | Reached skill level 5 in Armour
  4935 | D:6      | Reached XP level 8. HP: 29/68 MP: 7/7
  5486 | D:6      | Found an iron altar of Okawaru.
  5492 | D:6      | Became a worshipper of Warmaster Okawaru
  5492 | D:6      | Reached * piety under Okawaru
  5492 | D:6      | Reached ** piety under Okawaru
  5561 | D:6      | Noticed tstststs's ghost (novice SpAs)
  5584 | D:6      | Reached skill level 10 in Axes
  5709 | D:6      | Killed tstststs's ghost
  5709 | D:6      | Reached skill level 11 in Axes
  5986 | D:6      | Reached XP level 9. HP: 75/75 MP: 8/8
  6135 | D:6      | Found a sparkling altar of Nemelex Xobeh.
  6367 | D:3      | Killed Squibie's ghost
  6453 | D:7      | Reached *** piety under Okawaru
  6453 | D:7      | Reached skill level 12 in Axes
  7600 | D:7      | Found a blossoming altar of Fedhas.
  7724 | D:7      | Reached skill level 13 in Axes
  7793 | D:7      | Found Oczo's Antique Armour Shoppe.
  8067 | D:8      | Reached **** piety under Okawaru
  8072 | D:8      | Found a basalt altar of Yredelemnul.
  8265 | D:8      | Found a deep blue altar of Sif Muna.
  8495 | D:8      | Reached XP level 10. HP: 86/86 MP: 9/9
  8509 | D:8      | Found a glowing golden altar of the Shining One.
  8566 | D:8      | Found an ancient bone altar of Kikubaaqudgha.
  8996 | D:9      | Reached skill level 14 in Axes
  9270 | D:9      | Found a staircase to the Lair.
  9819 | D:9      | Reached ***** piety under Okawaru
 10570 | D:9      | Found Enukhlau's Antique Armour Shoppe.
 10770 | D:9      | Noticed Prince Ribbit
 10790 | D:9      | Killed Prince Ribbit
 11092 | D:9      | Reached skill level 15 in Axes
 11301 | D:10     | Entered Level 10 of the Dungeon
 11368 | D:10     | Noticed a hill giant
 11379 | D:10     | Killed a hill giant
 11379 | D:10     | Reached skill level 1 in Invocations
 11430 | D:10     | Noticed a gargoyle
 11450 | D:10     | Killed a gargoyle
 11450 | D:10     | Reached XP level 11. HP: 23/95 MP: 8/10
 12015 | D:10     | Noticed a hill giant
 12024 | D:10     | Killed a hill giant
 12134 | D:10     | Killed an unseen horror
 12385 | D:10     | Reached skill level 16 in Axes
 12397 | D:10     | Received a gift from Okawaru
 12483 | D:11     | Noticed a hill giant
 12491 | D:11     | Killed a hill giant
 13018 | D:11     | Noticed an orange crystal statue
 13231 | D:11     | Reached skill level 10 in Armour
 13708 | D:11     | Found a staircase to the Orcish Mines.
 13963 | D:12     | Reached skill level 17 in Axes
 14327 | D:12     | Reached skill level 10 in Fighting
 14678 | D:12     | HP: 4/99 [cyclops (19)]
 14853 | D:12     | Noticed a tengu warrior
 15030 | D:11     | Reached XP level 12. HP: 90/106 MP: 12/12
 15361 | Orc:1    | Entered Level 1 of the Orcish Mines
 15448 | Orc:2    | Entered Level 2 of the Orcish Mines
 15551 | Orc:2    | Reached skill level 5 in Dodging
 16183 | Orc:2    | Noticed an orc warlord
 16207 | Orc:2    | Noticed an orc high priest
 16674 | Orc:2    | Killed an orc high priest
 16929 | Orc:2    | Received a gift from Okawaru
 17323 | Orc:1    | HP: 2/108 [orc warlord/long sword (25)]
 17329 | Orc:1    | Annihilated by an orc warlord

Vault maps used:
D:1:      scummos_arrival_simple_crosswalls
D:2:      grunt_gozag_breadcrumbs, feat_on_display
D:3:      first_bread
D:4:      overflow_temple_1_default
D:5:      roderic_roman_lattice, minmay_misc_feat_encased, minmay_liquid_box,
          minmay_misc_feat_alley
D:6:      nemelex_xobeh_ov_fountains_minmay, okawaru_ov_weapons_minmay
D:7:      kennysheep_mini_moat, serial_shops, shop, grunt_ogre_cave
D:8:      lemuel_round_altar, lemuel_doored_altar, lemuel_round_altar,
          nicolae_tso_swordbearing_angel
D:9:      cheibrodos_two_vegetables, erik_lair_island, serial_shops,
          nicolae_shop_waterfront, uniq_prince_ribbit1
D:11:     david_orc_3, minivault_16, st_stairs_12
D:12:     serial_shops, nicolae_shop_waterfront, minmay_bent
Temple:   cyrus_circular_temple
Orc:2:    st_orc_pillars, trog_book

Skill      XL: |  1  2  3  4  5  6  7  8  9 10 11 12 |
---------------+-------------------------------------+-----
Axes           | 4 5 7 9 11 13 15 17 | 17.3
Fighting       | 4 5 6 7 8 10 | 10.7
Armour         | 1 2 3 5 7 9 10 11 | 11.5
Dodging        | 4 5 |  5.8
Invocations    | 1 2 |  2.0
Stealth        | |  1.5

Action                   |  1- 3 |  4- 6 |  7- 9 | 10-12 || total
-------------------------+-------+-------+-------+-------++-------
Melee: Hand axe          |    87 |    52 |       |       ||   139
       Headbutt          |    14 |    24 |    69 |   146 ||   253
       War axe           |       |    95 |   312 |   703 ||  1110
       Punch             |       |       |     1 |     5 ||     6
Invok: Heroism           |       |       |     4 |    22 ||    26
       Finesse           |       |       |       |     1 ||     1
  Use: Scroll            |       |     3 |     5 |     6 ||    14
       Potion            |       |     1 |     4 |    16 ||    21
 Stab: Invisible         |       |       |       |     3 ||     3
  Eat: Chunk             |     1 |     9 |    14 |    21 ||    45
       Royal jelly       |       |       |       |     1 ||     1
       Fruit             |       |       |       |     3 ||     3
       Beef jerky        |       |       |       |     1 ||     1
       Meat ration       |       |       |       |     1 ||     1
Armor: Robe              |     1 |       |       |       ||     1
       Ring mail         |    22 |    25 |       |       ||    47
       Chain mail        |       |    53 |   138 |       ||   191
       Plate armour      |       |       |     8 |   362 ||   370
Dodge: Dodged            |    70 |    70 |   106 |   210 ||   456
